 Dungeon Crawl Stone Soup version 0.17-a0-1397-g0eee0a3 (webtiles) character file.

120 bal the Insei (level 5, -1/28 HPs)
             Began as a Vine Stalker Monk on June 17, 2015.
             Was a Believer of Okawaru.
             Killed from afar by Sigmund (6 damage)
             ... with a wand of magic darts
             ... on level 3 of the Dungeon.
             The game lasted 00:06:12 (1685 turns).

bal the Insei (Vine Stalker Monk)                   Turns: 1685, Time: 00:06:12

Health: -1/28      AC:  4    Str: 13    XL:     5   Next: 4%
Magic:  0/6        EV: 14    Int: 10    God:    Okawaru [**....]
Gold:   54         SH:  0    Dex: 18    Spells: 0 memorised, 4 levels left

rFire  . . .     SeeInvis .     b - +0 hunting sling
rCold  . . .     Clarity  .     a - +0 robe
rNeg   . . .     SustAt   .     (no shield)
rPois  .         Gourm    .     h - +0 helmet
rElec  .         Spirit   +     (no cloak)
rCorr  .         Warding  .     m - +0 pair of gloves
rMut   .         Stasis   .     (no boots)
MR     .....                    (no amulet)
Stlth  +++.......               (no ring)
                                (no ring)

@: invisible, not resistant to hostile enchantments, fairly stealthy
A: fangs 2, regeneration 1, magic shield, antimagic bite, no device heal 3, rot
immunity
a: Heroism, Renounce Religion


You were on level 3 of the Dungeon.
You worshipped Okawaru.
Okawaru was pleased with you.
You were not hungry.

You visited 1 branch of the dungeon, and saw 3 of its levels.

You collected 54 gold pieces.

Inventory:

Hand weapons
 b - a +0 hunting sling (weapon)
Missiles
 f - 2 needles of confusion
 l - 8 sling bullets (quivered)
Armour
 a - a +0 robe (worn)
 h - a +0 helmet (worn)
 j - a +1 ring mail of fire resistance
 m - a +0 pair of gloves (worn)
Jewellery
 g - an uncursed ring of fire
Scrolls
 e - 4 scrolls of identify
Potions
 i - a potion of heal wounds
 p - a potion of resistance {unknown}
Comestibles
 c - 6 meat rations
 d - 5 fruits
 k - 5 bread rations
 n - a royal jelly


   Skills:
 + Level 3.2 Fighting
 + Level 0.6 Slings
 + Level 3.3 Dodging
 + Level 3.2 Stealth
 + Level 4.6 Unarmed Combat


You had 4 spell levels left.
You didn't know any spells.

Dungeon Overview and Level Annotations

Branches:
Dungeon (3/15)

Altars:
Ashenzari
Okawaru
Zin

Annotations:
D:3 Sigmund


Innate Abilities, Weirdness & Mutations

You have extremely sharp teeth.
Your natural rate of healing is unusually fast.
When hurt, damage is shared between your health and your magic reserves.
Your bite disrupts and absorbs the magic of your enemies.
Potions and wands cannot restore your health.
You are immune to rotting.


Message History

Firing (i - inventory):
l - 10 sling bullets (quivered)
Press: ? - help, Shift-Dir - straight line, f/p - Sigmund
Aim: Sigmund, wielding a scythe of slicing, wearing a robe and carrying a wand of magic darts {zapped: 4} (moderately wounded)
You shoot a sling bullet.
The sling bullet hits Sigmund but does no damage.
Sigmund is moderately wounded.
Sigmund zaps a wand.
The magic dart hits you!
* * * LOW HITPOINT WARNING * * *
Firing (i - inventory):
l - 9 sling bullets (quivered)
Press: ? - help, Shift-Dir - straight line, f/p - Sigmund
Aim: Sigmund, wielding a scythe of slicing, wearing a robe and carrying a wand of magic darts {zapped: 5} (moderately wounded)
You shoot a sling bullet. The sling bullet hits Sigmund.
Sigmund is moderately wounded.
Sigmund points at you and mumbles some strange words.
You resist with some effort. Sigmund barely misses you.
Drink which item? (? for menu, Esc to quit)
You fade into invisibility!
Sigmund zaps a wand.
The magic dart hits you!
You die...

.###.#..##.###.# .#
#.#.........# .#
#.......##### ##
##.###### #.# ##.##
#...# #
#...########### (# #
#............@#.(#
####...###.#.##..@(#
...........#.##...##
.................##
...........#.##...
##.#...#.#.......#.
##.#......)..##.###.
#.#...#.######.# #.
##.#...#.# #.# ..


You could see Sigmund.

Vanquished Creatures
  Jessica (D:2)
  Robin (D:2)
  3 adders (D:2)
  2 worms (D:3)
  A ball python (D:1)
  5 giant cockroaches
  4 hobgoblins
  5 kobolds
  3 quokkas (D:2)
  3 bats
  2 giant newts
  16 goblins
  10 rats
56 creatures vanquished.

Notes
Turn   | Place    | Note
--------------------------------------------------------------
     0 | D:1      | bal the Vine Stalker Monk began the quest for the Orb.
     0 | D:1      | Reached XP level 1. HP: 11/11 MP: 2/2
   155 | D:1      | Reached XP level 2. HP: 13/16 MP: 1/3
   576 | D:2      | Reached XP level 3. HP: 16/19 MP: 2/4
   588 | D:2      | Found a shattered altar of Ashenzari.
   627 | D:2      | Noticed Robin
   706 | D:2      | Found a glowing silver altar of Zin.
   875 | D:2      | Killed Robin
   875 | D:2      | Reached XP level 4. HP: 8/24 MP: 3/5
  1026 | D:2      | Noticed Jessica
  1032 | D:2      | Killed Jessica
  1365 | D:3      | Found an iron altar of Okawaru.
  1380 | D:3      | Became a worshipper of Warmaster Okawaru
  1380 | D:3      | Acquired Okawaru's first power
  1545 | D:3      | Reached XP level 5. HP: 28/28 MP: 6/6
  1675 | D:3      | Noticed Sigmund
  1685 | D:3      | Killed from afar by Sigmund

Vault maps used:
D:1:      saegor_arrival_under_anarchy
D:2:      lemuel_round_altar, evilmike_ruin_ashenzari,
          minmay_misc_feat_more_columns, guppyfry_early_lair_pool, uniq_jessica,
          uniq_robin
D:3:      lemuel_crystal_altar, first_bread, corexii_item_surrounded_by_moat,
          minmay_surrounded, uniq_sigmund

Action                   |  1- 3 |  4- 6 || total
-------------------------+-------+-------++-------
Melee: Unarmed           |    94 |    16 ||   110
 Fire: Hunting sling     |       |    53 ||    53
  Use: Potion            |     3 |     1 ||     4
       Scroll            |     2 |     3 ||     5
 Stab: Sleeping          |     5 |       ||     5
  Eat: Fruit             |       |     4 ||     4
       Chunk             |       |     1 ||     1
